 Dungeon Crawl Stone Soup version 0.18-a0-1361-g9293dd1 (webtiles) character file.

9943 Duffy the Martial Artist (level 11, 0/88 HPs)
             Began as an Octopode Transmuter on Feb 20, 2016.
             Was a High Priest of Cheibriados.
             Slain by an orange demon (8 damage)
             ... summoned by an orc sorcerer
             ... on level 1 of the Orcish Mines.
             The game lasted 00:17:15 (12734 turns).

Duffy the Martial Artist (Octopode Transmuter)     Turns: 12734, Time: 00:17:15

Health: 0/88       AC:  7    Str: 25    XL:     11   Next: 54%
Magic:  11/14      EV: 18    Int: 30    God:    Cheibriados [*****.]
Gold:   488        SH:  2    Dex: 28    Spells: 3 memorised, 6 levels left

rFire  x . .     SeeInvis +       - Unarmed
rCold  + + +     Gourm    .     (shield currently unavailable)
rNeg   . . .     Faith    .     (helmet currently unavailable)
rPois  +         Spirit   .     l - +2 amulet of reflection
rElec  .         Dismiss  .     v - ring of see invisible
rCorr  .         Reflect  +     j - ring of flight
SustAt .         Harm     .     (no ring)
MR     .....                    (no ring)
Stlth  ++........               (no ring)
                                (no ring)
                                (no ring)
                                (no ring)

@: lethally poisoned (0 -> -6), ice-form, drained, very slow, not resistant to
hostile enchantments, unstealthy
A: almost no armour, amphibious, 8 rings, (constrict 8), (camouflage 0),
(gelatinous body 0)
a: End Transformation, Bend Time, Temporal Distortion, Slouch, Step From Time,
Renounce Religion, Evoke Flight


You were on level 1 of the Orcish Mines.
You worshipped Cheibriados.
Cheibriados was extremely pleased with you.
You were not hungry.
You were a creature of crystalline ice.
You visited 3 branches of the dungeon, and saw 14 of its levels.

You collected 488 gold pieces.


Innate Abilities, Weirdness & Mutations

You cannot wear most types of armour.
You are amphibious.
You can wear up to eight rings at the same time.
((You can use your tentacles to constrict eight enemies at once.))
((Your skin changes colour to match your surroundings (Stealth).))
((Your rubbery body absorbs attacks (AC +1).))


   Skills:
 + Level 6.4(5.4) Fighting
 + Level 8.8(7.7) Dodging
 - Level 11.9(10.7) Unarmed Combat
 - Level 2.5(1.5) Spellcasting
 - Level 6.0(4.9) Transmutations
 - Level 4.2(3.2) Ice Magic
 - Level 3.0(2.1) Poison Magic
 * Level 1.9(1.0) Invocations


You had 6 spell levels left.
You knew the following spells:

 Your Spells              Type           Power        Failure   Level  Hunger
j - Spider Form           Trmt/Pois      ###.......   10%         3    ###....
l - Ice Form              Ice/Trmt       ####....     17%         4    #####..
s - Sticks to Snakes      Trmt           ####....     1%          2    ##.....

Inventory:

Missiles
 a - 211 arrows
 C - a throwing net (quivered)
Magical Staves
 D - an uncursed staff of air
Jewellery
 j - a ring of flight (right front paw)
 l - a +2 amulet of reflection (around neck)
 v - a ring of see invisible (left front paw)
 H - an uncursed ring of teleportation
Wands
 i - a wand of confusion (19/48)
 o - a wand of acid (5/15)
 t - a wand of heal wounds (3/9)
 z - a wand of flame (28/48)
 A - a wand of confusion (15/48)
Scrolls
 d - 6 scrolls of teleportation
 e - 2 scrolls of remove curse
 m - 2 scrolls of fog
 n - 2 scrolls of immolation
 p - a scroll of fear
 q - a scroll of recharging
 y - a scroll of magic mapping {unknown}
Potions
 f - 2 potions of cure mutation
 k - a potion of agility
 r - 6 potions of curing
 w - a potion of magic
 x - 2 potions of flight {unknown}
 B - 3 potions of brilliance {unknown}
Books
 b - a book of Changes
 s - a Necronomicon
 u - a book of Alchemy
 E - a book of Geomancy
Comestibles
 c - 9 bread rations
 h - 5 meat rations
 F - 2 fruits

Dungeon Overview and Level Annotations

Branches:
Dungeon (11/15)            Temple (1/1) D:4             Orc (2/2) D:11
   Lair: D:8-11         Elf: Orc:2

Altars:
Ashenzari
Cheibriados
Dithmenos
Elyvilon
Fedhas
Gozag
Kikubaaqudgha
Makhleb
Nemelex Xobeh
Okawaru
Pakellas
Qazlal
Ru
Sif Muna
Trog
Xom
Yredelemnul
The Shining One
Jiyva

Shops:
D:4 *   D:11 [

Annotations:
D:10 exclusion: hill giant, Maud


Message History

Ouch! That really hurt!
There is a stone staircase leading down, spattered with blood here.
You are too injured to fight recklessly!
You are too injured to fight recklessly!
You are too injured to fight recklessly!
You pummel the troll!! You freeze the troll.
The troll is severely wounded.
The troll bites you. The troll misses you. The troll barely misses you.
The orc sorcerer casts a spell.
You punch the troll! You freeze the troll.
The troll is almost dead.
The troll misses you. The troll closely misses you. x2
You pummel the troll!! You freeze the troll.
You kill the troll!
Cheibriados thoroughly appreciates the change of pace.
The orc sorcerer casts a spell at you. The bolt of negative energy misses you.
The orc sorcerer gestures at you while chanting.
The bolt of negative energy hits you!
You feel drained.
You see here a troll corpse.
The orange demon stings you from afar.
You are poisoned.
The orange demon poisons you! The orange demon misses you.
You hit the orc sorcerer. You freeze the orc sorcerer.
The orc sorcerer is moderately wounded.
You feel sick.
The orc sorcerer hits you but does no damage.
The orange demon closely misses you.
You completely miss the orc sorcerer.
The orc sorcerer is moderately wounded.
You feel sick. The orc sorcerer completely misses you.
You hit the orc sorcerer but do no damage.
The orc sorcerer is moderately wounded.
The orange demon stings you from afar!
You die...

### #### #..## ##.>##
###...## #....##
##......## ##....##
##........## .##.....##
#..........##..#.......##
.........................
#%.................
#>Yo......#.###....
###......### ##....
.4......###.....
................
....#.......<...
.#.##..........# ####
#.....##### ##.... ##..


You could see an orange demon and an orc sorcerer.

Action                   |  1- 3 |  4- 6 |  7- 9 | 10-12 || total
-------------------------+-------+-------+-------+-------++-------
Melee: Unarmed           |    82 |   105 |   157 |   221 ||   565
       Staff             |       |       |       |     2 ||     2
 Cast: Spider Form       |       |     6 |     5 |       ||    11
       Ice Form          |       |       |    15 |    29 ||    44
  Use: Scroll            |       |    13 |     1 |     3 ||    17
       Potion            |       |       |     4 |       ||     4
 Stab: Sleeping          |     7 |     9 |     3 |     3 ||    22
       Distracted        |     1 |       |       |     1 ||     2
  Eat: Chunk             |     4 |     9 |     7 |    10 ||    30
       Pizza             |       |     1 |     1 |       ||     2
       Beef jerky        |       |       |       |     2 ||     2

Notes
Turn   | Place    | Note
--------------------------------------------------------------
     0 | D:1      | Duffy the Octopode Transmuter began the quest for the Orb.
     0 | D:1      | Reached XP level 1. HP: 13/13 MP: 3/3
    66 | D:1      | Reached XP level 2. HP: 11/18 MP: 5/5
   179 | D:1      | Learned a level 2 spell: Sticks to Snakes
   788 | D:2      | Reached XP level 3. HP: 17/23 MP: 6/6
   802 | D:2      | Learned a level 3 spell: Spider Form
  2119 | D:3      | Reached XP level 4. HP: 28/28 MP: 7/7
  2287 | D:3      | Found a glowing golden altar of the Shining One.
  2497 | D:3      | Found a shimmering altar of Xom.
  2498 | D:3      | Reached skill level 1 in Poison Magic
  2503 | D:3      | Found a deep blue altar of Sif Muna.
  2802 | D:4      | Reached skill level 4 in Unarmed Combat
  2802 | D:4      | Reached skill level 3 in Transmutations
  3058 | D:4      | Found Idumorph's Elemental Accessories.
  3061 | D:4      | Reached XP level 5. HP: 24/33 MP: 8/8
  3417 | D:4      | Found a staircase to the Ecumenical Temple.
  3425 | Temple   | Entered the Ecumenical Temple
  3580 | Temple   | Became a worshipper of Cheibriados the Contemplative
  3627 | D:4      | Reached skill level 2 in Poison Magic
  3627 | D:4      | Reached XP level 6. HP: 27/38 MP: 9/9
  4104 | D:5      | Entered Level 5 of the Dungeon
  4163 | D:5      | Reached skill level 3 in Poison Magic
  4201 | D:5      | Learned a level 4 spell: Ice Form
  4251 | D:5      | Noticed an ice beast
  4265 | D:5      | Killed an ice beast
  4265 | D:5      | Reached skill level 5 in Unarmed Combat
  4265 | D:5      | Reached skill level 1 in Ice Magic
  4520 | D:5      | Found a sparkling altar of Nemelex Xobeh.
  4617 | D:5      | Found a sacrificial altar of Ru.
  4715 | D:5      | Found an opulent altar of Gozag.
  5123 | D:6      | Reached skill level 4 in Transmutations
  5123 | D:6      | Reached XP level 7. HP: 32/43 MP: 6/10
  5207 | D:6      | Noticed Blork the orc
  5207 | D:6      | Noticed Pikel
  5212 | D:6      | Killed Blork the orc
  5221 | D:6      | Killed Pikel
  5221 | D:6      | Reached * piety under Cheibriados
  5221 | D:6      | Reached skill level 6 in Unarmed Combat
  5221 | D:6      | Reached skill level 3 in Ice Magic
  5221 | D:6      | Reached XP level 8. HP: 30/48 MP: 3/11
  5410 | D:6      | Noticed Crazy Yiuf
  5420 | D:6      | Killed Crazy Yiuf
  5420 | D:6      | Reached skill level 7 in Unarmed Combat
  5420 | D:6      | Reached skill level 5 in Transmutations
  5719 | D:6      | Noticed Menkaure
  5735 | D:6      | Killed Menkaure
  5855 | D:6      | Reached skill level 4 in Ice Magic
  5878 | D:6      | Reached skill level 8 in Unarmed Combat
  6232 | D:6      | Reached XP level 9. HP: 42/53 MP: 7/12
  6715 | D:7      | Reached skill level 6 in Transmutations
  6758 | D:7      | Reached ** piety under Cheibriados
  6773 | D:7      | Reached skill level 2 in Fighting
  6775 | D:7      | Reached skill level 3 in Dodging
  6775 | D:7      | Reached skill level 9 in Unarmed Combat
  7078 | D:7      | Found a bloodstained altar of Trog.
  7162 | D:7      | Noticed Dowan
  7172 | D:7      | Killed Dowan
  7557 | D:8      | Reached skill level 4 in Dodging
  7722 | D:8      | Reached skill level 3 in Fighting
  7792 | D:8      | Reached *** piety under Cheibriados
  8099 | D:8      | Reached skill level 5 in Dodging
  8446 | D:8      | Found an oddly glowing altar of Pakellas.
  8446 | D:8      | Found a shattered altar of Ashenzari.
  8455 | D:8      | Reached XP level 10. HP: 61/63 MP: 10/13
  8782 | D:8      | Reached skill level 10 in Unarmed Combat
  8789 | D:8      | Reached skill level 4 in Fighting
  8839 | D:8      | Found a burning altar of Makhleb.
  8939 | D:9      | Reached **** piety under Cheibriados
  8998 | D:10     | Entered Level 10 of the Dungeon
  9078 | D:10     | Reached skill level 6 in Dodging
  9300 | D:10     | Noticed a gargoyle
  9305 | D:10     | Killed a gargoyle
  9710 | D:10     | Noticed Maud
  9783 | D:10     | Noticed a hill giant
 10111 | D:10     | Reached skill level 5 in Fighting
 10111 | D:10     | Reached skill level 7 in Dodging
 10114 | D:10     | Reached skill level 11 in Unarmed Combat
 10312 | D:11     | Reached ***** piety under Cheibriados
 10607 | D:11     | Found Irof's Armour Emporium.
 10607 | D:11     | Found a staircase to the Orcish Mines.
 10634 | D:11     | Reached XP level 11. HP: 72/72 MP: 8/14
 10934 | D:11     | Noticed a manticore
 10947 | D:11     | Killed a manticore
 10947 | D:11     | Reached skill level 8 in Dodging
 11602 | D:11     | Reached skill level 6 in Fighting
 12065 | D:11     | Noticed a hill giant
 12071 | D:11     | Killed a hill giant
 12275 | Orc:1    | Entered Level 1 of the Orcish Mines
 12290 | Orc:2    | Entered Level 2 of the Orcish Mines
 12306 | Orc:2    | Reached skill level 1 in Invocations
 12397 | Orc:2    | Noticed an orc knight
 12414 | Orc:1    | Noticed an orc sorcerer
 12414 | Orc:1    | Paralysed by an orc sorcerer for 4 turns
 12734 | Orc:1    | Slain by an orange demon

Vault maps used:
D:1:      minmay_arrival_stair_chambers
D:3:      nicolae_tso_carved_into_rock, nicolae_overflow_hidden_temple,
          nrook_mini_vaults, minmay_misc_feat_nine_boxes
D:4:      minmay_temple_entry_crystal_x, serial_bayou, serial_bayou_lagoon_a,
          serial_bayou_ford_a, serial_bayou_shore_b, serial_bayou_pond_c,
          nicolae_elemental_shop
D:5:      nemelex_xobeh_ov_fountains_minmay, hangedman_ru_absence,
          lemuel_round_altar, first_bread
D:6:      uniq_crazy_yiuf_cottage, uniq_menkaure, uniq_blork_the_orc, uniq_pikel
D:7:      trog_ov_bears_minmay, marbit_many_paths, uniq_duvessa
D:8:      lemuel_coloured_pillars_altar, grunt_temple_overflow_open
D:9:      nicolae_overflow_crystal_walls, erik_lair_island,
          hangedman_pestilent_swarm
D:10:     uniq_maud
D:11:     orc_david_3, roderic_lattice_a
Temple:   pf_slimified_temple
Orc:1:    serial_shops, shop
Orc:2:    st_orc_open, basic_altar, nicolae_orc_crystal_geode, uniq_josephine,
          uniq_nessos, uniq_sonja, uniq_rupert

Vanquished Creatures
  A hill giant Pikel
  A manticore
  A gargoyle
  2 kobold demonologists
  3 trolls
  A two-headed ogre
  2 shadows
  A wraith
  8 yaks
  3 hippogriffs Menkaure
  A steam dragon
  A water moccasin
  An orc warrior
  3 ice beasts
  A sky beast
  A wasp
  A phantom
  A slave
  5 black bears
  An eye of draining
  An ogre
  3 centaurs
  A big kobold Blork the orc
  3 giant frogs Dowan
  4 scorpions
  10 wights
  17 killer bees
  5 crimson imps
  2 centaur zombies
  2 giant frog zombies
  3 hounds
  A quasit
  2 jellies
  4 orc priests Crazy Yiuf
  6 orc wizards
  A centaur skeleton
  3 iguanas
  6 worker ants
  A hound zombie
  2 hound skeletons
  6 adders
  3 gnolls
  A shadow imp
  An ooze
  An adder skeleton
  A worm
  3 giant geckos
  36 orcs
  3 giant cockroaches
  7 goblins
  5 hobgoblins
  7 jackals
  4 quokkas
  A ball python
  9 bats
  A giant gecko skeleton
  11 giant newts
  10 kobolds
  7 rats
238 creatures vanquished.
